 Dungeon Crawl Stone Soup version 0.29.1-12-g30fa7ad0bf (webtiles) character file.

Game seed: 10371721916078304170

53 wrenrar the Ducker (level 3, 0/26 HPs)
             Began as a Merfolk Transmuter on Jan 8, 2023.
             Slain by a worm (6 damage)
             ... on level 2 of the Dungeon.
             The game lasted 00:13:02 (1342 turns).

wrenrar the Ducker (Merfolk Transmuter)             Turns: 1342, Time: 00:13:03

Health: 0/26       AC:  4    Str: 10    XL:     3   Next: 87%
Magic:  5/6        EV: 13    Int: 12    God:
Gold:   56         SH:  0    Dex: 16    Spells: 5/6 levels left

rFire   . . .      SeeInvis .   h - +3 dagger (speed)
rCold   . . .      Faith    .   (no shield)
rNeg    . . .      Spirit   .   a - +0 robe
rPois   .          Reflect  .   (helmet currently unavailable)
rElec   .          Harm     .   f - +0 cloak
rCorr   .          Rampage  .   g - +0 pair of gloves
Will    .....                   (boots currently unavailable)
Stlth   ++........              j - amulet of the acrobat
HPRegen 0.08/turn               (no ring)
MPRegen 0.10/turn               (no ring)

@: appendages (expiring)
A: horns 2, (nimble swimmer 2), mertail
a: End Transformation


You were on level 2 of the Dungeon.
You had temporarily grown beastly horns.
You visited 1 branch of the dungeon, and saw 2 of its levels.

You collected 56 gold pieces.

Inventory:

Hand Weapons
 h - a +3 dagger of speed (weapon)
Armour
 a - a +0 robe (worn)
 d - a +0 pair of boots
 f - a +0 cloak (worn)
 g - a +0 pair of gloves (worn)
 m - a +1 pair of boots (melded)
Jewellery
 j - an amulet of the acrobat (around neck)
Scrolls
 c - a scroll of identify
 l - a scroll of magic mapping
Potions
 b - a potion of lignification
 e - a potion of haste


   Skills:
 + Level 1.5 Fighting
 + Level 0.4 Short Blades
 - Level 0.7 Polearms
 * Level 3.5 Dodging
 + Level 0.8 Stealth
 - Level 3.2 Unarmed Combat
 * Level 2.4 Spellcasting
 * Level 3.2 Transmutations
 + Level 0.9 Invocations


You had 5 spell levels left.
You knew the following spells:

 Your Spells              Type           Power      Damage    Failure   Level
a - Beastly Appendage     Tmut           18%        N/A       7%          1

Your spell library contained the following spells:

 Spells                   Type           Power      Damage    Failure   Level
 Wereblood                Tmut           9%         N/A       11%         2
 Spider Form              Tmut/Pois      5%         N/A       36%         3
 Ice Form                 Ice/Tmut       5%         N/A       78%         4


Dungeon Overview and Level Annotations

Branches:
Dungeon (2/15)

Altars:

Shops:
D:2 (


Innate Abilities, Weirdness & Mutations

You have temporarily grown beastly horns.
((You are very nimble when in or above water. (Stealth+, EV+, Speed+++)))
Your lower body shifts to a powerful aquatic tail in water.


Message History

The adder is moderately wounded.
The adder barely misses you.
You hit the adder.
The adder is severely wounded.
You feel sick. The adder bites you but does no damage.
You miss the adder.
The adder is heavily wounded.
You feel sick.
You barely miss the adder.
The adder is heavily wounded.
The adder bites you but does no damage.
You barely miss the adder.
The adder is heavily wounded.
You feel sick.
You are no longer poisoned.
The adder bites you but does no damage.
You barely miss the adder.
The adder is heavily wounded.
The adder completely misses you.
You hit the adder.
The adder is severely wounded.
The adder bites you but does no damage.
You hit the adder.
You kill the adder!
The worm barely misses you.
Casting: Beastly Appendage (safe; 7% risk of failure)
Confirm with . or Enter, or press ? or * to list all spells.
You grow a pair of large bovine horns.
Your +1 pair of boots melds into your body.
You hit the worm.
The worm is lightly wounded.
The worm bites you but does no damage.
You barely miss the worm. The worm bites you.
* * * LOW HITPOINT WARNING * * *
You hit the worm. You headbutt the worm!
The worm is severely wounded.
You hit the worm.
The worm is severely wounded.
The worm bites you.
You die...

# $# #.# #.# ##..# l..
....#### #.###.#..... #
#.#.@...# .# #.#.ww..#####
# ##.# #.#............ ##
#.>. #.#.....###..# ##. ..#
#####.#.....###..## ##[.
.########.....####......(..
....
.......#..######..........#
###..
..w....#.#####...##.#####..
.... .....w∩#.#...w.w....#
#..


You could see 2 worms.

Vanquished Creatures
  2 adders (D:2)
  A dart slug (D:1)
  3 ball pythons
  6 bats
  2 endoplasms
  4 giant cockroaches
  2 goblins (D:1)
  3 hobgoblins (D:1)
  2 frilled lizards (D:1)
  5 kobolds (D:1)
  A rat (D:1)
31 creatures vanquished.

Notes
Turn   | Place    | Note
-------+----------+-------------------------------------------
     0 | D:1      | wrenrar the Merfolk Transmuter began the quest for the Orb.
     0 | D:1      | Reached XP level 1. HP: 15/15 MP: 3/3
   264 | D:1      | Reached XP level 2. HP: 5/21 MP: 5/5
   830 | D:1      | Reached XP level 3. HP: 26/26 MP: 6/6
  1231 | D:2      | Found Askarphuts's Antique Weapon Boutique.
  1342 | D:2      | Slain by a worm

Illustrated notes

Levels and vault maps discovered:
D:1:      minmay_arrival_four_houses, layout_rooms
D:2:      layout_rooms, serial_shops, shop, minmay_tromino_v4_a, uniq_natasha

Skill      XL: |  1  2 |
---------------+-------+-----
Dodging        | 3 |  3.5
Transmutations | 3 |  3.2
Fighting       | |  1.5
Short Blades   | |  0.4
Polearms       | |  0.7
Stealth        | |  0.8
Unarmed Combat | |  3.2
Spellcasting   | |  2.4
Invocations    | |  0.9

Action                   || total
-------------------------++-------
Melee: Unarmed           ||    70
       Headbutt          ||     6
       Dagger            ||    66
       Punch             ||     2
 Cast: Beastly Appendage ||     5
  Use: Scroll            ||     3
       Potion            ||     3
Armor: Robe              ||    59
Dodge: Dodged            ||   124
